 Dungeon Crawl Stone Soup version 0.28-a0-1524-ge72afd5fc6 (webtiles) character file.

Game seed: 10595032093764692679

346 HallandMoats the Skirmisher (level 6, -18/55 HPs)
             Began as a Ghoul Fighter on Jan 17, 2022.
             Demolished by an ogre (30 damage)
             ... on level 4 of the Dungeon.
             The game lasted 00:02:51 (2731 turns).

HallandMoats the Skirmisher (Ghoul Fighter)         Turns: 2731, Time: 00:02:53

Health: -18/55     AC:  8    Str: 20    XL:     6   Next: 59%
Magic:  5/5        EV:  9    Int:  5    God:
Gold:   98         SH:  4    Dex:  8    Spells: 5/5 levels left

rFire   . . .      SeeInvis .   a - +0 war axe
rCold   + . .      Faith    .   c - +0 buckler
rNeg    + + +      Spirit   .   b - +0 scale mail
rPois   ∞          Reflect  .   p - +0 helmet
rElec   .          Harm     .   (no cloak)
rCorr   .          Rampage  .   (no gloves)
Will    .....                   (no boots)
Stlth   ..........              l - amulet of the acrobat
HPRegen 0.00/turn               (no ring)
MPRegen 0.09/turn               (no ring)

@: inhibited regen
A: claws 1, cold resistance 1, negative energy resistance 3, inhibited
regeneration, torment resistance 2
a: no special abilities


You were on level 4 of the Dungeon.
You visited 1 branch of the dungeon, and saw 4 of its levels.

You collected 158 gold pieces.
You spent 60 gold pieces at shops.

Inventory:

Hand Weapons
 a - a +0 war axe (weapon)
Armour
 b - a +0 scale mail (worn)
 c - a +0 buckler (worn)
 p - a +0 helmet (worn)
Jewellery
 e - a ring of magical power
 l - an amulet of the acrobat (around neck)
 s - a ring of magical power
Scrolls
 d - a scroll of enchant armour {unknown}
 i - 2 scrolls of amnesia {unknown}
 j - a scroll of teleportation {unknown}
 m - a scroll of fog {unknown}
 o - a scroll of identify {unknown}
 q - a scroll of holy word {unknown}
 t - a scroll of fear {unknown}
 u - a scroll of magic mapping {unknown}
 w - a scroll of enchant weapon {unknown}
Potions
 f - a potion of mutation {unknown}
 g - a potion of curing {unknown}
 h - 2 potions of attraction {unknown}
 k - a potion of invisibility {unknown}
 n - a potion of lignification {unknown}
 r - a potion of flight {unknown}
 v - a potion of heal wounds


   Skills:
 * Level 4.9 Fighting
 * Level 3.6 Axes
 + Level 3.5 Armour
 + Level 1.8 Dodging
 + Level 3.4 Shields


You had 5 spell levels left.
You didn't know any spells.
Your spell library contained the following spells:

 Spells                   Type           Power      Damage    Failure   Level
 Sandblast                Erth           0%         2d4       89%         1
 Passwall                 Tmut/Erth      0%         N/A       96%         2
 Stone Arrow              Conj/Erth      0%         3d7       99%         3
 Animate Armour           Summ/Erth      0%         N/A       100%        4
 Lehudib's Crystal Spear  Conj/Erth      0%         10d2      100%        8


Dungeon Overview and Level Annotations

Branches:
Dungeon (4/15)
 Temple: D:4-7

Altars:
Hepliaklqana

Shops:
D:4 !


Innate Abilities, Weirdness & Mutations

You thrive by killing the living.
You are immune to poison.
You have sharp fingernails.
Your flesh is cold resistant. (rC+)
You are immune to negative energy. (rN+++)
You do not regenerate when monsters are visible.
You are immune to unholy pain and torment.


Message History

You destroy the centaur skeleton!
No target in view!
No target in view!
No target in view!
No target in view!
No target in view!
No target in view!
No target in view!
No target in view!
No target in view!
No target in view!
No target in view!
No target in view!
You open the door.
A hobgoblin and an ogre come into view.
The hobgoblin shouts!
The ogre shouts!
There are monsters nearby!
There are monsters nearby!
There are monsters nearby!
There is an open door here.
Okay, then.
You hit the ogre.
The ogre is lightly wounded.
The ogre hits you with a +0 giant spiked club!
You barely miss the ogre.
The ogre is lightly wounded.
The ogre barely misses you.
You slash the ogre!
The ogre is heavily wounded.
The ogre hits you with a +0 giant spiked club!!
Ouch! That really hurt!
* * * LOW HITPOINT WARNING * * *
The hobgoblin closely misses you.
You slash the ogre!
The ogre is almost dead.
You hit the hobgoblin.
You kill the hobgoblin!
The ogre hits you with a +0 giant spiked club!!
Ouch! That really hurt!
You die...

###### ##....#
#.....# #.....#
... +.....# .....
#.....#
.....##+#####...O#
...........#####@#
...........#.....#
...........#.....#
...........#.....#
...<.......'.....#
......[....#.....#
...........#.....#
...........#.....#
†..........#######


You could see an ogre.

Vanquished Creatures
  An ogre (D:3)
  A scorpion (D:4)
  A centaur skeleton (D:4)
  A jelly (D:3)
  An iguana (D:4)
  7 adders
  An ufetubus (D:4)
  A worm (D:2)
  A dart slug (D:1)
  An orc (D:3)
  7 ball pythons
  3 endoplasms
  3 giant cockroaches
  6 goblins
  5 hobgoblins
  3 kobolds
  A quokka (D:1)
  3 bats
  3 frilled lizards
  4 rats
54 creatures vanquished.

Notes
Turn   | Place    | Note
-------+----------+-------------------------------------------
     0 | D:1      | HallandMoats the Ghoul Fighter began the quest for the Orb.
     0 | D:1      | Reached XP level 1. HP: 19/19 MP: 0/0
   298 | D:1      | Reached XP level 2. HP: 26/26 MP: 1/1
  1202 | D:2      | Reached XP level 3. HP: 33/33 MP: 2/2
  1683 | D:3      | Noticed an ogre
  1694 | D:3      | Killed an ogre
  1695 | D:3      | Reached skill level 4 in Fighting
  1695 | D:3      | Reached skill level 1 in Dodging
  1695 | D:3      | Reached XP level 4. HP: 41/41 MP: 3/3
  1695 | D:3      | Reached XP level 5. HP: 47/47 MP: 4/4
  2272 | D:3      | Found a hazy altar of Hepliaklqana.
  2371 | D:4      | Found Cirezu's Distillery.
  2379 | D:4      | Bought a potion of heal wounds for 60 gold pieces
  2549 | D:4      | Reached XP level 6. HP: 50/53 MP: 5/5
  2731 | D:4      | Demolished by an ogre

Illustrated notes

Levels and vault maps discovered:
D:1:      scummos_arrival_forest, layout_loops_ring,
          wander_ebering_terrifying_dragon_lair
D:2:      layout_rooms
D:3:      layout_basic, lemuel_round_altar, minmay_statues_item, minmay_cut_off
D:4:      layout_gridville, xom_redecorated, zin_academy,
          nicolae_gozag_cash_rules_everything_around_me,
          minmay_temple_entry_mini_moons, serial_shops, nicolae_diamond_shop,
          nicolae_take_the_stairs

Skill      XL: |  1  2  3 |
---------------+----------+-----
Axes           | 2 3 |  3.6
Fighting       | 4 |  4.9
Armour         | 3 |  3.5
Dodging        | 1 |  1.8
Shields        | 3 |  3.4

Action                   |  1- 3 |  4- 6 || total
-------------------------+-------+-------++-------
Melee: War axe           |    74 |   107 ||   181
  Use: Potion            |     1 |       ||     1
Armor: Scale mail        |    27 |    59 ||    86
Dodge: Dodged            |    43 |    62 ||   105
Block: Buckler           |    12 |    27 ||    39

Table legend: (Time is in decaauts)
 A = Elapsed time spent in this place.
 B = Non-inter-level travel time spent in this place.
 C = Inter-level travel time spent in this place.
 D = Time resting spent in this place.
 E = Time spent auto-exploring this place.
 F = Levels seen in this place.
 G = Mean time per level.
                   A        B        C        D        E       F      G
               +--------+--------+--------+--------+--------+-----+--------+
         Total |   2802 |   2725 |     77 |      0 |   2268 |   4 |  700.5 |
       Dungeon |   2802 |   2725 |     77 |      0 |   2268 |   4 |  700.5 |
               +--------+--------+--------+--------+--------+-----+--------+

Top non-repeatable levels by time:
     D:1: 1131 daAuts
     D:3: 782 daAuts
     D:2: 510 daAuts
     D:4: 377 daAuts
